 Dungeon Crawl Stone Soup version 0.30-a0-121-gb27577e5d9 (webtiles) character file.

Game seed: 11596247602587553619

39 NinjaNoafa the Vexing (level 3, 0/19 HPs)
             Began as a Deep Elf Enchanter on Sept 14, 2022.
             Slain by an endoplasm (2 damage)
             ... on level 2 of the Dungeon.
             The game lasted 00:02:14 (1873 turns).

NinjaNoafa the Vexing (Deep Elf Enchanter)          Turns: 1873, Time: 00:02:15

Health: 0/19       AC:  2    Str:  5    XL:     3   Next: 28%
Magic:  9/9        EV: 13    Int: 19    God:
Gold:   54         SH:  0    Dex: 17    Spells: 8/8 levels left

rFire   . . .      SeeInvis .    e - +4 dagger
rCold   . . .      Faith    .    (no shield)
rNeg    . . .      Spirit   .    b - +0 robe
rPois   .          Reflect  .    (no helmet)
rElec   .          Harm     .    (no cloak)
rCorr   .          Rampage  .    (no gloves)
Will    .....                    (no boots)
Stlth   +++.......               (no amulet)
HPRegen 0.06/turn                (no ring)
MPRegen 0.11/turn                (no ring)

@: mighty, flying, invisible
A: no striking features
a: no special abilities


You were on level 2 of the Dungeon.
You visited 1 branch of the dungeon, and saw 2 of its levels.

You collected 54 gold pieces.

Inventory:

Hand Weapons
 e - a +4 dagger (weapon)
Missiles
 i - 11 stones (quivered)
Armour
 b - a +0 robe (worn)
Scrolls
 g - a scroll of poison {unknown}
 h - a scroll of teleportation {unknown}
 j - 2 scrolls of identify {unknown}
 k - a scroll of immolation {unknown}
 l - a scroll of fear {unknown}
Potions
 d - a potion of might
 f - a potion of lignification {unknown}


   Skills:
 + Level 2.4 Short Blades
 - Level 2.4 Dodging
 - Level 3.6 Stealth
 - Level 3.0 Spellcasting
 - Level 5.0 Hexes


You had 8 spell levels left.
You didn't know any spells.
Your spell library contained the following spells:

 Spells                   Type           Power      Damage    Failure   Level
 Confusing Touch          Hex            21%        N/A       6%          3
 Tukima's Dance           Hex            21%        N/A       6%          3
 Ensorcelled Hibernation  Hex/Ice        24%        N/A       9%          2
 Dazzling Flash           Conj/Hex       24%        N/A       16%         3


Dungeon Overview and Level Annotations

Branches:
Dungeon (2/15)

Altars:

Annotations:
D:2 Terence


Message History

Your Short Blades skill increases to level 2!
You have reached level 3!
Your experience leads to an increase in your attributes!
Increase (S)trength, (I)ntelligence, or (D)exterity?
You feel agile. x2
An endoplasm and a hobgoblin come into view.
Found a green potion.
The adder bites you. Terence shouts, "Now you die!"
You hit the adder.
The adder is moderately wounded.
The adder closely misses you. The adder barely misses you.
You hit the adder.
The adder is heavily wounded.
The adder bites you.
You hit the adder.
You kill the adder!
The endoplasm quivers.
The hobgoblin shouts!
You see here an adder corpse.
You hit Terence but do no damage. Terence misses you.
The endoplasm barely misses you.
You closely miss Terence. Terence barely misses you. The endoplasm hits you.
You barely miss Terence. Terence hits you with a +0 falchion!
The endoplasm barely misses you. The hobgoblin closely misses you.
You fade into invisibility!
The hobgoblin barely misses you. Terence misses you. The endoplasm hits you.
* * * LOW HITPOINT WARNING * * *
It was a potion of flight.
You feel very buoyant.
You fly up into the air.
Terence closely misses you. The endoplasm hits you.
* * * LOW HITPOINT WARNING * * *
The hobgoblin barely misses you.
You fade further into invisibility.
Terence closely misses you. The endoplasm misses you.
The hobgoblin closely misses you.
It was a potion of might.
You feel very mighty all of a sudden. Terence closely misses you.
The hobgoblin barely misses you. The endoplasm hits you.
You die...

#.##>#. .. #.##.#.
....#.##.#.
#######.#.#.##.#.
.........#.##.#<
....#@###.#..#.
####........†....
##..##...###.#.##.
#@@......#........
#gJ##..#.#.#.#.##.
##[!##.#.#.#.#....
##..#.#.......###
..#.###.#.#.# #
.##.# #.#.#.# #
##..# #.#.# # #
..# #.#.# ..# #.#


You could see Terence (unable to see you), an endoplasm and a hobgoblin (unable
to see you).

Vanquished Creatures
  2 adders (D:2)
  A dart slug (D:1)
  2 endoplasms (D:1)
  A giant cockroach (D:1)
  2 goblins (D:1)
  3 hobgoblins
  3 kobolds (D:1)
  A quokka (D:1)
  A bat (D:1)
  2 rats
18 creatures vanquished.

Vanquished Creatures (others)
  2 demonic plants (D:1)
  A plant (D:1)
  A withered plant (D:1)
4 creatures vanquished.

Grand Total: 22 creatures vanquished

Notes
Turn   | Place    | Note
-------+----------+-------------------------------------------
     0 | D:1      | NinjaNoafa the Deep Elf Enchanter began the quest for the
                  | Orb.
     0 | D:1      | Reached XP level 1. HP: 10/10 MP: 6/6
   718 | D:1      | Reached XP level 2. HP: 12/15 MP: 8/8
   935 | D:1      | Found a faded altar of an unknown god.
   945 | D:1      | Reached skill level 5 in Hexes
  1856 | D:2      | Noticed Terence
  1862 | D:2      | Reached XP level 3. HP: 19/19 MP: 9/9
  1873 | D:2      | Slain by an endoplasm

Illustrated notes

Levels and vault maps discovered:
D:1:      spicycebolla_green_bress_n_ham_2, layout_basic,
          shapermc_ecumenical_altar_gd, roderic_serpentine_path
D:2:      layout_basic, basic_altar, chequers_serial_rivers_micro_a,
          minmay_close_crescents, uniq_terence, uniq_natasha, uniq_robin

Skill      XL: |  1  2 |
---------------+-------+-----
Hexes          | 5 |  5.0
Short Blades   | 2 |  2.4
Dodging        | |  2.4
Stealth        | |  3.6
Spellcasting   | |  3.0

Action                   || total
-------------------------++-------
Melee: Dagger            ||    48
       Punch             ||     1
  Use: Potion            ||     4
 Stab: Sleeping          ||     3
Armor: Robe              ||     3
Dodge: Dodged            ||    33

Table legend: (Time is in decaauts)
 A = Elapsed time spent in this place.
 B = Non-inter-level travel time spent in this place.
 C = Inter-level travel time spent in this place.
 D = Time resting spent in this place.
 E = Time spent auto-exploring this place.
 F = Levels seen in this place.
 G = Mean time per level.
                   A        B        C        D        E       F      G
               +--------+--------+--------+--------+--------+-----+--------+
         Total |   1871 |   1794 |     77 |      0 |   1616 |   2 |  935.5 |
       Dungeon |   1871 |   1794 |     77 |      0 |   1616 |   2 |  935.5 |
               +--------+--------+--------+--------+--------+-----+--------+

Top non-repeatable levels by time:
     D:1: 1710 daAuts
     D:2: 161 daAuts
